 Dungeon Crawl Stone Soup version 0.27-a0-1612-gde56a17b89 (webtiles) character file.

Game seed: 15308678041764660469

36 Travesty312 the Poker (level 3, -1/30 HPs)
             Began as a Minotaur Gladiator on July 22, 2021.
             Slain by an orc wizard (2 damage)
             ... on level 3 of the Dungeon.
             The game lasted 00:01:17 (554 turns).

Travesty312 the Poker (Minotaur Gladiator)           Turns: 554, Time: 00:01:18

Health: -1/30      AC:  3    Str: 19    XL:     3   Next: 19%
Magic:  2/2        EV: 12    Int:  5    God:
Gold:   41         SH:  0    Dex: 11    Spells: 2/2 levels left

rFire    . . .     SeeInvis .   a - +0 trident
rCold    . . .     Faith    .   (no shield)
rNeg     . . .     Spirit   .   b - +0 leather armour
rPois    .         Reflect  .   c - +0 hat
rElec    .         Harm     .   (no cloak)
rCorr    .         Rampage  .   (no gloves)
Will     .....                  (no boots)
Stlth    +.........             (no amulet)
HPRegen  0.10/turn              (no ring)
MPRegen  0.08/turn              (no ring)

@: no status effects
A: horns 2, retaliatory headbutt
a: no special abilities


You were on level 3 of the Dungeon.
You visited 1 branch of the dungeon, and saw 3 of its levels.

You collected 41 gold pieces.

Inventory:

Hand Weapons
 a - a +0 trident (weapon)
Missiles
 d - 3 throwing nets (quivered)
Armour
 b - a +0 leather armour (worn)
 c - a +0 hat (worn)
Potions
 e - a potion of flight {unknown}


   Skills:
 + Level 2.7 Fighting
 + Level 4.3 Polearms
 + Level 2.2 Throwing
 + Level 0.2 Armour
 + Level 3.9 Dodging


You had 2 spell levels left.
You didn't know any spells.
Your spell library was empty.

Dungeon Overview and Level Annotations

Branches:
Dungeon (2/15)

Altars:


Innate Abilities, Weirdness & Mutations

You have a pair of horns on your head.
You reflexively headbutt those who attack you in melee.


Message History

You see here a +0 whip.
Something hits you.
You see here a +0 whip.
You miss something.
You hear some strange, mumbled words.
A puff of flame appears from out of thin air!
The puff of flame hits you!
You miss something. The orc hits you with a +0 club.
You hear some strange, mumbled words.
A puff of flame appears from out of thin air!
The puff of flame misses you.
You barely miss something. The orc misses you. You furiously retaliate!
You headbutt the orc!
You kill the orc!
You hear some strange, mumbled words.
A magic dart appears from out of thin air!
The magic dart hits you.
* * * LOW HITPOINT WARNING * * *
You hit something but do no damage. Something hits you but does no damage.
You hit something. Something hits you but does no damage.
You closely miss something. Your headbutt misses something.
Something hits you but does no damage.
You miss something.
You hear some strange, mumbled words.
A puff of flame appears from out of thin air!
The puff of flame misses you.
You miss something. You headbutt something! Something hits you.
* * * LOW HITPOINT WARNING * * *
You hit something. Your headbutt misses something. Something hits you.
* * * LOW HITPOINT WARNING * * *
You miss something. You headbutt something. Something hits you.
* * * LOW HITPOINT WARNING * * *
Something hits you.
* * * LOW HITPOINT WARNING * * *
You barely miss something. You headbutt something. Something hits you.
* * * LOW HITPOINT WARNING * * *
You miss something. Something hits you.
* * * LOW HITPOINT WARNING * * *
You miss something. Your headbutt misses something. Something hits you.
You die...

#### #...## #<....#
########## .......
#........##.......
#........#........
#........#)#.....#
#.........@{......
##.......).####....
.......$.###..# .
.#......##.....
#..........#
#.........##
#####..)..##
#######......#
.........##......


There were no monsters in sight!

Vanquished Creatures
  An adder (D:3)
  2 orcs (D:3)
  3 bats (D:1)
  An endoplasm (D:1)
  2 giant cockroaches (D:1)
  3 goblins
  2 hobgoblins
  5 jackals
  A quokka (D:2)
20 creatures vanquished.

Notes
Turn   | Place    | Note
-------+----------+-------------------------------------------
     0 | D:1      | Travesty312 the Minotaur Gladiator began the quest for the
                  | Orb.
     0 | D:1      | Reached XP level 1. HP: 18/18 MP: 0/0
   261 | D:1      | Reached XP level 2. HP: 23/25 MP: 1/1
   316 | D:1      | Found a faded altar of an unknown god.
   456 | D:2      | Reached skill level 4 in Polearms
   513 | D:2      | You fall into a shaft and drop 1 floor!
   520 | D:3      | Reached XP level 3. HP: 30/30 MP: 2/2
   553 | D:3      | HP: 1/30 [something (1)]
   554 | D:3      | Slain by an orc wizard

Illustrated notes

Levels and vault maps discovered:
D:1:      dpeg_arrival_solitude, layout_rooms,
          hellmonk_ecumenical_altar_arch_garden, minmay_tiny_reverse_x
D:2:      layout_basic
D:3:      layout_rooms, riverfiend_overflow_shadow_ancestor, bloody_makhleb,
          gammafunk_ghost_nasty_kobolds, minmay_misc_feat_iff, roderic_batcave

Skill      XL: |  1  2 |
---------------+-------+-----
Polearms       | 4 |  4.3
Fighting       | |  2.7
Throwing       | |  2.2
Armour         | |  0.2
Dodging        | |  3.9

Action                   || total
-------------------------++-------
Melee: Trident           ||    45
       Headbutt          ||     6
Armor: Leather armour    ||    20
Dodge: Dodged            ||    44

Table legend: (Time is in decaauts)
 A = Elapsed time spent in this place.
 B = Non-inter-level travel time spent in this place.
 C = Inter-level travel time spent in this place.
 D = Time resting spent in this place.
 E = Time spent auto-exploring this place.
 F = Levels seen in this place.
 G = Mean time per level.
                   A        B        C        D        E       F      G
               +--------+--------+--------+--------+--------+-----+--------+
         Total |    557 |    557 |      0 |    155 |    259 |   3 |  185.7 |
       Dungeon |    557 |    557 |      0 |    155 |    259 |   3 |  185.7 |
               +--------+--------+--------+--------+--------+-----+--------+

Top non-repeatable levels by time:
     D:1: 454 daAuts
     D:2: 61 daAuts
     D:3: 42 daAuts
